 Dungeon Crawl Stone Soup version 0.29.1-12-g30fa7ad0bf (webtiles) character file.

Game seed: 18205454620519775071

48 mikeweasel the Ducker (level 3, 0/30 HPs)
             Began as a Merfolk Monk on Jan 18, 2023.
             Slain by a goblin
             ... wielding a +0 dagger
             ... led by Robin
              (1 damage)
             ... on level 2 of the Dungeon.
             The game lasted 00:08:43 (1242 turns).

mikeweasel the Ducker (Merfolk Monk)                Turns: 1242, Time: 00:08:44

Health: 0/30       AC:  3    Str: 10 (11) XL:     3   Next: 72%
Magic:  3/3        EV: 13    Int: 10 (11) God:
Gold:   61         SH:  0    Dex: 14 (16) Spells: 2/2 levels left

rFire   . . .      SeeInvis .   a - +0 falchion
rCold   . . .      Faith    .   (no shield)
rNeg    . . .      Spirit   .   b - +0 robe
rPois   .          Reflect  .   e - +0 helmet
rElec   .          Harm     .   (no cloak)
rCorr   .          Rampage  .   (no gloves)
Will    .....                   (no boots)
Stlth   ++........              (no amulet)
HPRegen 0.10/turn               (no ring)
MPRegen 0.08/turn               (no ring)

@: invisible
A: (nimble swimmer 2), mertail
a: no special abilities


You were on level 2 of the Dungeon.
You visited 1 branch of the dungeon, and saw 2 of its levels.

You collected 61 gold pieces.

Inventory:

Hand Weapons
 a - a +0 falchion (weapon)
Armour
 b - a +0 robe (worn)
 e - a +0 helmet (worn)
Jewellery
 g - a ring of resist corrosion
Scrolls
 f - 2 scrolls of teleportation
 h - 2 scrolls of identify
 j - a scroll of fog
Potions
 c - a potion of ambrosia


   Skills:
 + Level 3.7 Fighting
 + Level 4.4 Long Blades
 + Level 4.5 Dodging
 + Level 2.7 Stealth


You had 2 spell levels left.
You didn't know any spells.
Your spell library was empty.

Dungeon Overview and Level Annotations

Branches:
Dungeon (2/15)

Altars:


Innate Abilities, Weirdness & Mutations

((You are very nimble when in or above water. (Stealth+, EV+, Speed+++)))
Your lower body shifts to a powerful aquatic tail in water.


Message History

You kill Robin!
The goblin closely misses you.
You closely miss the goblin. The goblin misses you.
The goblin hits you with a +0 dagger.
You hit the goblin.
You kill the goblin!
The goblin closely misses you.
You barely miss the goblin. The goblin hits you but does no damage.
The goblin hits you with a +0 dagger.
* * * LOW HITPOINT WARNING * * *
You barely miss the goblin. The goblin hits you but does no damage.
The goblin barely misses you.
You barely miss the goblin. The goblin closely misses you. x2
You barely miss the goblin. The goblin hits you with a +0 club.
* * * LOW HITPOINT WARNING * * *
The goblin closely misses you.
You hit the goblin.
The goblin is heavily wounded.
The goblin no longer looks unusually strong.
The goblin barely misses you. The goblin closely misses you.
The goblin hits you but does no damage. The goblin closely misses you.
You barely miss the goblin.
The goblin is heavily wounded.
The goblin closely misses you. The goblin hits you with a +0 dagger.
* * * LOW HITPOINT WARNING * * *
You fade into invisibility!
The goblin misses you. The goblin hits you but does no damage.
You hit the goblin.
The goblin is severely wounded.
The goblin hits you with a +0 club.
* * * LOW HITPOINT WARNING * * *
The goblin hits you with a +0 dagger.
* * * LOW HITPOINT WARNING * * *
As you read the scroll of summoning, it crumbles to dust.
Wisps of shadow whirl around you... The goblin hits you but does no damage.
The goblin misses you.
You hit the goblin but do no damage.
The goblin is severely wounded.
The goblin closely misses you. The goblin hits you with a +0 dagger.
You die...

#.........###.#
#.........# . #.........#
#.........# #.........#
#.........# #.........#
#########g###############g
#gg@gg..........gg
##################


You could see 2 goblins, 2 friendly hobgoblins and a friendly goblin (summoned).

Vanquished Creatures
  Robin (D:2)
  2 dart slugs (D:1)
  3 bats
  3 endoplasms
  2 giant cockroaches (D:1)
  5 goblins
  3 hobgoblins (D:2)
  2 jackals (D:1)
  A quokka (D:1)
  4 kobolds
  3 rats
29 creatures vanquished.

Notes
Turn   | Place    | Note
-------+----------+-------------------------------------------
     0 | D:1      | mikeweasel the Merfolk Monk began the quest for the Orb.
     0 | D:1      | Reached XP level 1. HP: 18/18 MP: 1/1
    96 | D:1      | Reached XP level 2. HP: 22/24 MP: 2/2
   575 | D:1      | Reached XP level 3. HP: 27/30 MP: 3/3
   604 | D:1      | Found a faded altar of an unknown god.
  1206 | D:2      | Noticed Robin
  1230 | D:2      | Killed Robin
  1240 | D:2      | HP: 1/30 [goblin/+0 dagger[Robin] (1)]
  1242 | D:2      | Slain by a goblin

Illustrated notes

Levels and vault maps discovered:
D:1:      ncdulo_lavacross, layout_basic, shapermc_ecumenical_altar_petra,
          kennysheep_boxes
D:2:      layout_basic, minmay_tromino_v4_b, uniq_natasha, uniq_sigmund,
          uniq_robin

Skill      XL: |  1  2 |
---------------+-------+-----
Long Blades    | 4 |  4.4
Fighting       | |  3.7
Dodging        | |  4.5
Stealth        | |  2.7

Action                   || total
-------------------------++-------
Melee: Falchion          ||    92
       Punch             ||     1
  Use: Scroll            ||     8
       Potion            ||     4
 Stab: Sleeping          ||     4
       Distracted        ||     1
Armor: Robe              ||    29
Dodge: Dodged            ||    63
